 Dungeon Crawl Stone Soup version 0.18.1-6-gd335043 (webtiles) character file.

78 Gorice the Slasher (level 4, 19/33 HPs)
             Began as a Demonspawn Gladiator on May 15, 2016.
             Quit the game on level 2 of the Dungeon.
             The game lasted 00:03:05 (1272 turns).

Gorice the Slasher (Demonspawn Gladiator)           Turns: 1272, Time: 00:03:06

Health: 19/33      AC:  7    Str: 17    XL:     4   Next: 15%
Magic:  4/4        EV: 11    Int:  9    God:
Gold:   104        SH:  0    Dex: 13    Spells: 0 memorised, 3 levels left

rFire  . . .     SeeInvis .     a - +0 long sword
rCold  . . .     Gourm    .     j - +0 ring mail
rNeg   . . .     Faith    .     (no shield)
rPois  .         Spirit   .     c - +0 helmet
rElec  .         Dismiss  .     (no cloak)
rCorr  .         Reflect  .     (no gloves)
SustAt .         Harm     .     d - +0 pair of boots
MR     .....                    (no amulet)
Stlth  +.........               (no ring)
                                (no ring)

@: not resistant to hostile enchantments, very unstealthy
A: talons 1, powered by pain 1
a: no special abilities


You were on level 2 of the Dungeon.
You were not hungry.

You visited 1 branch of the dungeon, and saw 2 of its levels.

You collected 104 gold pieces.

Inventory:

Hand Weapons
 a - a +0 long sword (weapon)
 k - a +0 hunting sling
Missiles
 b - 20 sling bullets
 Y - 3 throwing nets
 Z - 38 stones (quivered)
Armour
 c - a +0 helmet (worn)
 d - a +0 pair of boots (worn)
 j - a +0 ring mail (worn)
Scrolls
 l - a scroll of recharging {unknown}
 m - a scroll of teleportation {unknown}
 n - a scroll of fear {unknown}
Potions
 e - 2 potions of flight {unknown}
 i - a potion of invisibility {unknown}
Comestibles
 f - a bread ration {!e}
 g - 5 chunks of flesh
 h - a beef jerky


   Skills:
 - Level 2.0 Fighting
 * Level 4.1 Long Blades
 + Level 2.5 Throwing
 - Level 2.6 Dodging


You had 3 spell levels left.
You didn't know any spells.

Dungeon Overview and Level Annotations

Branches:
Dungeon (2/15)

Altars:
Ru


Innate Abilities, Weirdness & Mutations

You have sharp toenails.
You sometimes gain a little power by taking damage.


Message History

You closely miss the bat. The bat hits you but does no damage.
The bat misses you. The bat closely misses you.
You hit the bat.
You kill the bat!
The bat hits you but does no damage. The bat barely misses you.
You slash the bat!
You kill the bat!
No target in view!
No target in view!
No target in view!
No target in view!
A dart slug comes into view.
The dart slug launches a dart at you. The slug dart hits you!
Damage: 1 (max 1)
The dart slug bites you but does no damage.
You hit the dart slug.
The dart slug is heavily wounded.
You slash the dart slug!
You kill the dart slug!
No target in view!
No target in view!
You see here a dart slug corpse.
You butcher the dart slug corpse.
g - 14 chunks of flesh (gained 2) Some of the chunks of flesh in your inventory have rotted away.
You open the door.
There is an open door here.
Some of the chunks of flesh in your inventory have rotted away.
Z - 38 stones (gained 12) Some of the chunks of flesh in your inventory have rotted away.
Jessica the Apprentice Sorceress comes into view.
Jessica shouts!
Found 10 gold pieces.
Found 10 gold pieces.
You hit Jessica.
Jessica is heavily wounded.
Jessica casts a spell at you. Pain shoots through your body!
Damage: 12 (max 12)
You slash Jessica!
You kill Jessica!
Your Long Blades skill increases to level 4!
You have reached level 4!
You feel stronger.
You feel monstrous as your demonic heritage exerts itself.
Your demonic ancestry asserts itself...
Your toenails lengthen and sharpen.
Are you sure you want to abandon this character and quit the game? (Confirm with "yes".)

# # # # #
########## #
#........# #
#@######.### #
#.$..[.##.......#
#
##...#.##.###.#.#
# ##.##.##.#
#.#.# # ...
.$##.###.#.# ###
####.#...#.#
#.#.###.# ##
#.#.###.# #.
#.......# #.


There were no monsters in sight!

Vanquished Creatures
  Jessica (D:2)
  A gnoll (D:1)
  A worm (D:2)
  6 dart slugs
  A giant gecko (D:2)
  A ball python (D:2)
  3 giant cockroaches
  2 goblins (D:1)
  3 hobgoblins
  3 bats
  2 kobolds
  7 rats
31 creatures vanquished.

Notes
Turn   | Place    | Note
--------------------------------------------------------------
     0 | D:1      | Gorice the Demonspawn Gladiator began the quest for the Orb.
     0 | D:1      | Reached XP level 1. HP: 16/16 MP: 1/1
    67 | D:1      | Reached skill level 3 in Long Blades
   269 | D:1      | Reached skill level 2 in Throwing
   269 | D:1      | Gained mutation: You sometimes gain a little power by taking damage. [demonic ancestry]
   269 | D:1      | Reached XP level 2. HP: 12/22 MP: 2/2
   756 | D:1      | Reached XP level 3. HP: 23/27 MP: 3/3
  1050 | D:2      | Found a sacrificial altar of Ru.
  1267 | D:2      | Noticed Jessica
  1271 | D:2      | Killed Jessica
  1271 | D:2      | Reached skill level 4 in Long Blades
  1271 | D:2      | Gained mutation: You have sharp toenails. [demonic ancestry]
  1271 | D:2      | Reached XP level 4. HP: 19/33 MP: 4/4
  1272 | D:2      | Quit the game

Skill      XL: |  1  2  3 |
---------------+----------+-----
Long Blades    | 3 4 |  4.1
Throwing       | 2 |  2.5
Fighting       | |  2.0
Dodging        | |  2.6

Action                   |  1- 3 |  4- 6 || total
-------------------------+-------+-------++-------
Melee: Long sword        |    90 |       ||    90
  Use: Scroll            |     1 |       ||     1
  Eat: Chunk             |     1 |       ||     1
Armor: Leather armour    |    12 |       ||    12
       Ring mail         |    23 |       ||    23
Dodge: Dodged            |    38 |       ||    38

Table legend:
 A = Turns spent in this place as a percentage of turns spent in the entire game.
 B = Non-inter-level travel turns spent in this place as a percentage of non-inter-level travel turns spent in the entire game.
 C = Inter-level travel turns spent in this place as a percentage of turns spent in this place.
 D = Turns resting spent in this place as a percentage of non-inter-level travel turns spent in this place.
 E = Turns spent auto-exploring this place as a percentage of non-inter-level travel turns spent in this place.
 F = Non-inter-level travel turns spent in this place divided by the number of levels of this place that you've seen.
                   A       B       C       D       E      F
               +-------+-------+-------+-------+-------+----------------------
         Total | 100.0 | 100.0 |   0.0 |   0.8 |   7.9 | 252.0
       Dungeon | 100.0 | 100.0 |   0.0 |   0.8 |   7.9 | 252.0
               +-------+-------+-------+-------+-------+----------------------

Vault maps used:
D:1:      minmay_arrival_stone_box
D:2:      lemuel_statue_altar, uniq_iyjb, uniq_jessica
